[Event "Late-Titled-Tuesday-Blitz-January-23-2024"]
[Site "Chess.com"]
[Date "2024.01.23"]
[Round "2"]
[White "DanylaBagrov"]
[Black "smotherhubbard"]
[Result "0-1"]
[WhiteElo "2520"]
[BlackElo "2335"]
[TimeControl "180+1"]
[EndTime "14:17:23 PST"]
[Termination "smotherhubbard won by resignation"]

1. d4 Nf6 2. c4 e6 3. Bf4 c5 4. d5 b5 5. e4 Nxe4 6. Nf3 bxc4 7.
Bxc4 Bd6 8. dxe6 dxe6 9. Bb5+ Bd7 10. Qa4 Bxb5 11. Qxb5+ Qd7 12. Qc4 Nf6 13. O-O Bxf4 14. Qxf4 O-O 15. Nc3 Nc6 16. Rfd1 Qb7 17. b3 Rac8 18.
Rac1 Nb4 19. Rd2 Rfd8 20. Rcd1 Qe7 21. Ne5 Nbd5 22. Nxd5 Rxd5 23. Nc4 Rcd8 24. h3 h6 25. Qe3 Rxd2 26. Rxd2 Rxd2 27. Qxd2 Qd7 28. Qe3 Qd4 29. Qe1 Ne4 30. Ne3 Qd2 31. Qf1 Qxa2 32. f3 Qxb3 33. Qe1 Qc3 34. Qe2 Qd2 35. Kf1 Ng3+ 36. Kf2 Qxe2+ 37. Kxg3 Qxe3 0-1

[Event "Late-Titled-Tuesday-Blitz-January-23-2024"]
[Site "Chess.com"]
[Date "2024.01.23"]
[Round "2"]
[White "PNEPaul"]
[Black "Qvalda"]
[Result "0-1"]
[WhiteElo "1900"]
[BlackElo "2439"]
[TimeControl "180+1"]
[EndTime "14:17:24 PST"]
[Termination "Qvalda won on time"]

1. e4 e6 2. d4 d5 3. e5 c5 4. Qg4 Nc6 5. Nf3 cxd4 6. Bd3 h5 7. Qg3 h4 8. Qg4 Nh6 9. Bxh6 Rxh6 10. O-O h3 11. g3 Qb6 12. b3 Bd7 13. c3 O-O-O 14.
Re1 dxc3 15. Nxc3 Qb4 16. Qxb4 Bxb4 17. Rac1 Kb8 18. Red1 Rc8 19. Nb5 a6 20. Nd6 Bxd6 21. exd6 f6 22. Bf1 Rhh8 23. Nh4 g5 24. Ng6 Rh6 25.
Ne7 Nxe7 26. dxe7 Re8 27. Re1 Rxe7 28. Rcd1 Bc6 29. Rb1 e5 30. Rbc1 d4 31. Bxa6 Rh8 32.
Bf1 g4 33. Bd3 e4 34. Bb1 f5 35. Rcd1 Rd8 36. Bd3 Kc7 37. Rc1 Rdd7 38. Bc4 d3 39. Rcd1 b5 40. Bg8 Rd8 0-1

[Event "Late-Titled-Tuesday-Blitz-January-23-2024"]
[Site "Chess.com"]
[Date "2024.01.23"]
[Round "2"]
[White "DvaHrasta"]
[Black "SocoLoco"]
[Result "1-0"]
[WhiteElo "2483"]
[BlackElo "2212"]
[TimeControl "180+1"]
[EndTime "14:17:25 PST"]
[Termination "DvaHrasta won by resignation"]

1. c4 e5 2. g3 Nf6 3. Bg2 Nc6 4.
Nf3 d6 5. Nc3 Be7 6. d3 O-O 7.
Rb1 a5 8. a3 Re8 9. b4 axb4 10.
axb4 Bg4 11. h3 Bf5 12. e4 Be6 13. b5 Nd4 14. Nxd4 exd4 15. Ne2 c6 16. bxc6 bxc6 17. Nxd4 Qd7 18. f4 c5 19. Nxe6 fxe6 20. O-O Ra2 21. Rb2 Rea8 22. Rxa2 Rxa2 23. Qb3 Qa7 24. Bb2 h5 25.
Kh2 Nd7 26. e5 h4 27. g4 dxe5 28. fxe5 Bg5 29. Kh1 Be3 30. Re1 Bd4 31. Bxd4 cxd4 32. Qb5 Rd2 33. Qc6 Nf8 34. Rf1 Qa2 35. c5 Rf2 36.
Rxf2 Qxf2 37. Qe4 Qe1+ 38. Qxe1 1-0

[Event "Late-Titled-Tuesday-Blitz-January-23-2024"]
[Site "Chess.com"]
[Date "2024.01.23"]
[Round "2"]
[White "FontVella8"]
[Black "sergeikim"]
[Result "1-0"]
[WhiteElo "2735"]
[BlackElo "2420"]
[TimeControl "180+1"]
[EndTime "14:17:27 PST"]
[Termination "FontVella8 won by resignation"]

1. Nf3 Nf6 2. b3 g6 3. Bb2 Bg7 4. g3 d6 5. Bg2 O-O 6. O-O e5 7.
c4 c6 8. d3 Nbd7 9. Nbd2 Re8 10. Rc1 d5 11. e3 h6 12. Qc2 Qe7 13. cxd5 Nxd5 14. Nc4 a5 15. Ba3 Nb4 16. Qd2 Bf8 17. d4 e4 18. Nfe5 Nxe5 19. dxe5 Bf5 20. Rfd1 h5 21. Nd6 Red8 22. Nxf5 gxf5 23. Qe2 Qxe5 24. Bb2 Qe6 25. Qxh5 Rxd1+ 26. Rxd1 Bg7 27. Bxg7 Kxg7 28. Bh3 Qg6 29. Qxf5 Qxf5 30. Bxf5 Re8 31. Rd7 Kf6 32. g4 b5 33. Rc7 Nxa2 34. Rxc6+ Kg5 35. Kg2 a4 36.
Kg3 Rh8 37. bxa4 b4 38. Bxe4 f6 39. h4+ Kh6 40. g5+ Kg7 41. Rc7+ Kf8 42. Rc8+ Kg7 43.
gxf6+ 1-0

[Event "Late-Titled-Tuesday-Blitz-January-23-2024"]
[Site "Chess.com"]
[Date "2024.01.23"]
[Round "2"]
[White "GMJustin"]
[Black "masnyszachistaaa"]
[Result "0-1"]
[WhiteElo "2340"]
[BlackElo "2539"]
[TimeControl "180+1"]
[EndTime "14:17:27 PST"]
[Termination "masnyszachistaaa won on time"]

1. d4 Nf6 2. c4 c5 3. d5 b5 4. f3 bxc4 5. e4 d6 6. Bxc4 g6 7. Ne2 Bg7 8. O-O O-O 9. Nec3 a5 10. a4 Na6 11. Na3 Nb4 12. Be3 Nd7 13. Qd2 Re8 14. Nab5 Nb6 15. Be2 Ba6 16. Rad1 Qd7 17. b3 Rad8 18.
Bh6 Bh8 19. h4 e6 20. Bg5 f6 21. dxe6 Qxe6 22. Nc7 Qxb3 23. Bxa6 fxg5 24. Nxe8 Bxc3 25.
Qxg5 Rxe8 26. Rxd6 Nxa6 27. h5 Bd4+ 28. Kh1 Re6 0-1

[Event "Late-Titled-Tuesday-Blitz-January-23-2024"]
[Site "Chess.com"]
[Date "2024.01.23"]
[Round "2"]
[White "SaqoChess_Twitch"]
[Black "jefferyx"]
[Result "1/2-1/2"]
[WhiteElo "2614"]
[BlackElo "2998"]
[TimeControl "180+1"]
[EndTime "14:17:29 PST"]
[Termination "Game drawn by repetition"]

1. d4 Nf6 2. c4 e6 3. Nc3 Bb4 4. e3 O-O 5. a3 Bxc3+ 6. bxc3 c6 7. Bd3 d5 8. cxd5 cxd5 9. Ne2 b6 10. O-O Ba6 11. f3 Qc8 12. Ra2 Bxd3 13. Qxd3 Qa6 14. Qd1 Rc8 15. g4 Nc6 16. g5 Nd7 17. e4 Ne7 18.
Rc2 Rc7 19. Ng3 Rac8 20. Bb2 Qa4 21. Qc1 e5 22. Rd2 Qc6 23. Nf5 Nxf5 24. exf5 exd4 25. Rxd4 Ne5 26. Qf4 Re8 27. Kh1 Rce7 28. f6 Ng6 29. Qf5 Re5 30. Qg4 gxf6 31. gxf6 Qxf6 32. c4 Re1 33. Qg2 R8e2 34. Rd2 Qe7 35. Rxe2 Qxe2 36. Qxe2 Rxe2 37. Bf6 dxc4 38. Rd1 Kf8 39. Rd8+ Re8 40. Bg7+ Ke7 41. Bf6+ Kf8 42. Bg7+ Ke7 43. Bf6+ Kf8 1/2-1/2

[Event "Late-Titled-Tuesday-Blitz-January-23-2024"]
[Site "Chess.com"]
[Date "2024.01.23"]
[Round "2"]
[White "shimastream"]
[Black "Brown_Mamba24"]
[Result "0-1"]
[WhiteElo "2999"]
[BlackElo "2627"]
[TimeControl "180+1"]
[EndTime "14:17:33 PST"]
[Termination "Brown_Mamba24 won by checkmate"]

1. e4 c5 2. Nf3 g6 3. Bc4 Bg7 4. O-O Nc6 5. Re1 d6 6. h3 Nf6 7.
c3 O-O 8. Bb3 b5 9. d4 cxd4 10.
cxd4 d5 11. e5 Ne4 12. Nbd2 a5 13. a4 Nxd2 14. Bxd2 bxa4 15. Bxa4 Qb6 16. Bc3 Nb4 17.
Qd2 Bf5 18. Nh4 Be4 19. f3 Bd3 20. g4 Bc4 21. Ng2 Nd3 22. Re3 Rfd8 23. f4 Nb4 24.
Rd1 Kh8 25. h4 h5 26. gxh5 gxh5 27. Rde1 Bh6 28. Qd1 Qg6 29. Qf3 Nd3 30. f5 Nxe1 31. Rxe1 Qg4 32. Qxg4 hxg4 33. Bc2 a4 34. Ra1 Bb3 35.
Bd3 e6 36. Kh2 Rdc8 37. Kg3 a3 38. Nf4 Bxf4+ 39. Kxf4 a2 40. Bb5 Rg8 41. Kg3 exf5 42. Bd7 f4+ 43. Kxf4 g3 44. Bb4 g2 45. Be7 g1=Q 46. Bf6+ Kh7 47. Bf5+ Kh6 48. e6 Qg3# 0-1

[Event "Late-Titled-Tuesday-Blitz-January-23-2024"]
[Site "Chess.com"]
[Date "2024.01.23"]
[Round "2"]
[White "crazyluzhinTh3"]
[Black "GMHess"]
[Result "0-1"]
[WhiteElo "2546"]
[BlackElo "2812"]
[TimeControl "180+1"]
[EndTime "14:17:33 PST"]
[Termination "GMHess won by checkmate"]

1. e4 c6 2. d4 Qc7 3. Nc3 d6 4. Nf3 e5 5. h3 Nf6 6. a4 Be7 7. Bc4 O-O 8. Ba2 exd4 9. Nxd4 Re8 10. O-O Bf8 11. Re1 Na6 12. Bf4 Nb4 13. Bb3 a6 14. a5 c5 15. Nf3 Be6 16. Ba4 Red8 17.
Bg5 Be7 18. Bb3 c4 19. Ba2 Rac8 20. Bb1 d5 21. e5 Ne4 22. Bxe7 Qxe7 23. Ne2 Qc5 24.
Ned4 c3 25. b3 Re8 26. Re3 Bd7 27. Qe1 Nc6 28. Qd1 Nxe5 29. Nxe5 Rxe5 30. Qd3 Rce8 31. Ba2 Qa3 32. b4 Qb2 33. Ree1 Nxf2 34. Kxf2 Rxe1 35. Rxe1 Rxe1 36. Kxe1 Qxa2 37. Qxc3 h6 38. Nb3 Qa4 39. Nc5 Qc6 40. Qe5 Be6 41. Kd2 g6 42. g4 Qb5 43.
c3 Qc6 44. Qe3 d4 45. Qxd4 Qg2+ 46. Kc1 Qh1+ 47. Kb2 Qg2+ 48. Ka3 Qa2# 0-1

[Event "Late-Titled-Tuesday-Blitz-January-23-2024"]
[Site "Chess.com"]
[Date "2024.01.23"]
[Round "2"]
[White "rionelG"]
[Black "bazar-wokzal"]
[Result "0-1"]
[WhiteElo "2269"]
[BlackElo "2579"]
[TimeControl "180+1"]
[EndTime "14:17:33 PST"]
[Termination "bazar-wokzal won by resignation"]

1. e4 c5 2. Nf3 d6 3. d4 cxd4 4. Nxd4 Nf6 5. Nc3 a6 6. Bg5 e6 7. f4 Be7 8. Qe2 Nbd7 9. O-O-O Qc7 10. g4 O-O 11. h4 b5 12. a3 Bb7 13. h5 h6 14.
Bxf6 Bxf6 15. Rg1 Qb6 16. Qe3 e5 17. Nf5 Qxe3+ 18. Nxe3 exf4 19. Ned5 Bg5 20. Kb1 Rac8 21. Be2 Rfe8 22. Rgf1 Bxd5 23. Rxd5 Re6 24. Rfd1 Rc6 25. Na2 Nf6 26. Bf3 Rb6 27. R5d4 Nd7 28. Nb4 Ne5 29. Bh1 Nxg4 30. Bf3 Ne5 31. Bh1 f3 32. Nd5 Rb7 33. Nb4 a5 34. Nd3 Rf6 35. Nxe5 dxe5 36. Rd5 f2 37. Bg2 Re6 38. Bh3 Re8 39. Rd8 Rxd8 40.
Rxd8+ Bxd8 0-1

[Event "Late-Titled-Tuesday-Blitz-January-23-2024"]
[Site "Chess.com"]
[Date "2024.01.23"]
[Round "2"]
[White "YoreDea"]
[Black "AlexOstrovskiy"]
[Result "1-0"]
[WhiteElo "2560"]
[BlackElo "2778"]
[TimeControl "180+1"]
[EndTime "14:17:34 PST"]
[Termination "YoreDea won by checkmate"]

1. e4 d5 2. exd5 Nf6 3. d4 Bg4 4. f3 Bf5 5. Bb5+ Nbd7 6. g4 Bg6 7. Nc3 a6 8. Bd3 Nb6 9. h4 Nfxd5 10. h5 Nxc3 11. bxc3 Bxd3 12. Qxd3 Qd5 13. Ne2 e6 14.
Bf4 O-O-O 15. Kf2 Nc4 16. Rab1 e5 17. Bg3 Bc5 18. Qf5+ Kb8 19. dxc5 Qxc5+ 20. Ke1 Nd2 21. Rd1 g6 22. Qf6 Qe3 23. Rf1 Rhe8 24. Rf2 Rd6 25.
Qxf7 Red8 26. Rc1 gxh5 27. gxh5 Nc4 28. Qxc4 Rd2 29. Rb1 b5 30. Kf1 Kc8 31. Qe4 Rd1+ 32. Rxd1 Rxd1+ 33. Kg2 Qd2 34. Qxe5 Qe1 35. Qxc7# 1-0

[Event "Late-Titled-Tuesday-Blitz-January-23-2024"]
[Site "Chess.com"]
[Date "2024.01.23"]
[Round "2"]
[White "ContrVersia"]
[Black "Lady_Nika"]
[Result "1-0"]
[WhiteElo "2859"]
[BlackElo "2558"]
[TimeControl "180+1"]
[EndTime "14:17:37 PST"]
[Termination "ContrVersia won by checkmate"]

1. c4 e6 2. Nf3 d5 3. b3 f5 4. Bb2 Nf6 5. g3 c6 6. Bg2 Bd6 7. O-O Nbd7 8. d3 O-O 9. Nc3 f4 10. Qd2 e5 11. cxd5 cxd5 12. Nb5 Bb8 13. Ba3 Re8 14. Nd6 Bxd6 15. Bxd6 Qb6 16. Ba3 e4 17. dxe4 dxe4 18. Nd4 e3 19. fxe3 fxe3 20. Qc3 Ne5 21. Bc5 Qa6 22. Nf5 Bxf5 23. Rxf5 Ned7 24. Bd4 Rac8 25.
Qe1 Rc7 26. a4 Rc2 27. Bf3 Qd6 28. Rd1 Qe6 29. Rf4 Qxb3 30. Bxf6 Rd2 31. Rb1 Qxb1 32. Qxb1 Nxf6 33. Qxb7 Red8 34. Qxa7 Rd1+ 35. Kg2 Re8 36. g4 Ra1 37. g5 Rd8 38. gxf6 gxf6 39. Rg4+ Kf8 40.
Qg7+ Ke8 41. Re4# 1-0

[Event "Late-Titled-Tuesday-Blitz-January-23-2024"]
[Site "Chess.com"]
[Date "2024.01.23"]
[Round "2"]
[White "ClayK1ng"]
[Black "FoggyMorning"]
[Result "1/2-1/2"]
[WhiteElo "2261"]
[BlackElo "2500"]
[TimeControl "180+1"]
[EndTime "14:17:38 PST"]
[Termination "Game drawn by agreement"]

1. e4 e6 2. d4 d5 3. Nc3 Bb4 4. exd5 exd5 5. Bd3 Nc6 6. Nf3 Nge7 7. O-O Bg4 8. Be3 Nf5 9. a3 Bxc3 10. bxc3 Nh4 11. Be2 Nxf3+ 12. Bxf3 Bxf3 13. Qxf3 O-O 14. Rab1 Na5 15.
Qg4 b6 16. h4 Nc4 17. h5 Qc8 18. Qf3 Qe6 19. h6 Nxe3 20. hxg7 Rfe8 21. fxe3 Qxe3+ 22.
Qxe3 Rxe3 23. Rf5 Rd8 24. Rb3 c6 25. Rf6 Rc8 26. Kf2 Re6 27. Rf3 Kxg7 28. a4 Rf6 29. a5 b5 30. Rb1 a6 31. Re1 c5 32. Re2 cxd4 33. cxd4 Rxf3+ 34. Kxf3 Rc4 35. Rd2 Rc3+ 36. Kf4 Ra3 37. Ke5 Rxa5 38. Kxd5 Ra3 39. Kc5 Rc3+ 40. Kb6 b4 41. d5 b3 42. cxb3 Rxb3+ 43. Kxa6 Kf8 44.
d6 Ke8 45. Ka5 Kd7 46. Rf2 Kxd6 47. Rxf7 h5 48. Rh7 Ra3+ 49. Kb4 Rg3 50. Rxh5 Rxg2 51. Rh6+ Ke5 52. Rh4 Kf5 53. Rc4 Ke5 54. Rc5+ Kd4 55. Rc4+ Kd3 56. Rc3+ Kd2 1/2-1/2

[Event "Late-Titled-Tuesday-Blitz-January-23-2024"]
[Site "Chess.com"]
[Date "2024.01.23"]
[Round "2"]
[White "Hananmo"]
[Black "HanSchut"]
[Result "1-0"]
[WhiteElo "2504"]
[BlackElo "2250"]
[TimeControl "180+1"]
[EndTime "14:17:38 PST"]
[Termination "Hananmo won on time"]

1. e4 c5 2. Nf3 d6 3. d4 cxd4 4. Nxd4 Nf6 5. Nc3 a6 6. Be2 e5 7. Nb3 Be7 8. Be3 Be6 9. O-O Nbd7 10. h3 O-O 11. Qd2 Qc7 12. f4 exf4 13. Bxf4 Ne5 14. Nd4 Rac8 15. Rad1 b5 16. Bg5 b4 17. Nd5 Nxd5 18.
exd5 Bxg5 19. Qxg5 Bd7 20. Kh1 a5 21. Bd3 Qc5 22.
Nf5 Bxf5 23. Bxf5 Rc7 24. Qh4 g6 25. Be4 f5 26. Bd3 Nxd3 27. Rxd3 Qxc2 28. Re3 Qxb2 29. Re6 Rc1 30. Rxc1 Qxc1+ 31. Kh2 Qc3 32. Qe7 f4 33. Rxd6 Qg3+ 34. Kh1 f3 35. Qe6+ Kg7 36. Rd7+ Kh6 37. Qe3+ 1-0

[Event "Late-Titled-Tuesday-Blitz-January-23-2024"]
[Site "Chess.com"]
[Date "2024.01.23"]
[Round "2"]
[White "crazy_but_lazy"]
[Black "vladoboch"]
[Result "1-0"]
[WhiteElo "2607"]
[BlackElo "2395"]
[TimeControl "180+1"]
[EndTime "14:17:39 PST"]
[Termination "crazy_but_lazy won by resignation"]

1. d4 Nf6 2. Nf3 g6 3. Nc3 d5 4.
Bf4 Bg7 5. Nb5 Na6 6. e3 O-O 7. h3 c5 8. c3 Bd7 9. a4 c4 10. Be2 Qb6 11. O-O Bxb5 12. axb5 Qxb5 13. b4 Ne4 14.
Qc2 Rac8 15. Ra5 Qd7 16. Rfa1 h5 17. Nd2 Nxd2 18. Qxd2 Rfe8 19. Bf3 e6 20. e4 dxe4 21. Bxe4 Nxb4 22. cxb4 Qxd4 23. Qxd4 Bxd4 24. Rc1 e5 25. Bg5 c3 26. Bxb7 Rb8 27. Bc6 Re6 28. b5 Kf8 29.
Be3 Rd6 30. Kf1 Rbd8 31. Ra2 Ke7 32. g4 hxg4 33. hxg4 Ke6 34. g5 f5 35. gxf6 Kxf6 36. Be4 Rh8 37. Ke2 Bxe3 38. Kxe3 Rh3+ 39. f3 Kg5 40. Rg2+ Kf6 41. Rxg6+ Ke7 42. Rxd6 Kxd6 43.
Rxc3 Rh1 44. Rc6+ Kd7 45. Ra6 Re1+ 46. Kf2 Rc1 47. Rxa7+ Ke6 48. b6 Rc5 49. b7 1-0

[Event "Late-Titled-Tuesday-Blitz-January-23-2024"]
[Site "Chess.com"]
[Date "2024.01.23"]
[Round "2"]
[White "eCztery"]
[Black "miraitrunks"]
[Result "0-1"]
[WhiteElo "2438"]
[BlackElo "2089"]
[TimeControl "180+1"]
[EndTime "14:17:39 PST"]
[Termination "miraitrunks won by checkmate"]

1. d4 d5 2. Bf4 Bf5 3. e3 e6 4. Nf3 Bd6 5. Bg3 Bxg3 6. hxg3 c5 7. Bd3 Bxd3 8. Qxd3 c4 9. Qe2 Nc6 10. c3 Qb6 11. Ng5 Nf6 12. Na3 h6 13. O-O-O O-O 14. f4 Qa5 15. Kb1 b5 16. Nc2 b4 17. cxb4 Nxb4 18.
Nxb4 Qxb4 19. Nf3 Ne4 20. Ka1 c3 21. b3 Rfc8 22. Qc2 a5 23. Ne1 a4 24. Nd3 axb3 25. Nxb4 bxc2 26. Nxc2 Nf2 27. Rdf1 Nxh1 28. Rxh1 Ra4 29. g4 Rca8 30. a3 Rxa3+ 31. Nxa3 Rxa3+ 32. Kb1 Rb3+ 33. Kc2 Rb2+ 34. Kxc3 Rxg2 35. Rh4 Kh7 36. g5 Kg6 37. gxh6 gxh6 38. Kd3 h5 39. Rh3 Rg4 40. Ke2 h4 41. Kf3 Kf5 42. Rh1 Rg3+ 43. Kf2 Ke4 44.
Rxh4 Rf3+ 45. Kg2 Rxe3 46. Rh7 Kxf4 47. Rxf7+ Ke4 48. Kf2 Kxd4 49. Rf4+ Re4 50. Rf8 e5 51. Ra8 Rf4+ 52. Ke2 Ke4 53. Ra4+ d4 54. Ra5 Rh4 55. Ra8 Rh2+ 56. Kf1 d3 57. Ra5 d2 58. Ra1 Rh1+ 59.
Ke2 Rxa1 60. Kxd2 Kf3 61. Kc3 e4 62. Kb2 e3 63. Kxa1 e2 64. Kb2 e1=Q 65. Kc2 Ke4 66. Kb2 Qb4+ 67. Kc2 Qd6 68. Kc3 Qc5+ 69. Kd2 Qd4+ 70.
Ke2 Qb2+ 71. Kd1 Ke3 72. Ke1 Qb1# 0-1

[Event "Late-Titled-Tuesday-Blitz-January-23-2024"]
[Site "Chess.com"]
[Date "2024.01.23"]
[Round "2"]
[White "Lennis93"]
[Black "NovakRatko"]
[Result "1-0"]
[WhiteElo "2730"]
[BlackElo "2357"]
[TimeControl "180+1"]
[EndTime "14:17:40 PST"]
[Termination "Lennis93 won by resignation"]

1. d4 d5 2. Nf3 c5 3. e3 cxd4 4. exd4 Nc6 5. Bf4 f6 6. c3 Bg4 7. Nbd2 e5 8. Be3 e4 9. h3 Be6 10. Ng1 f5 11. Ne2 Nf6 12. Nf4 Bf7 13. h4 Bd6 14. Be2 Qc7 15. g3 h6 16. h5 O-O-O 17.
b4 Ne7 18. Rc1 Kb8 19. Nb3 g5 20. hxg6 Nxg6 21. Nxg6 Bxg6 22. Qd2 h5 23. Nc5 Bf7 24. Bg5 Be7 25. a4 Ng4 26. Bxe7 Qxe7 27. Qf4+ Qd6 28. Qxf5 Rdf8 29. Nd7+ Ka8 30. Nxf8 e3 31. Bxg4 exf2+ 32. Qxf2 Rxf8 33. Be2 Bg6 34. Qe3 Re8 35. Qf4 Qe6 36. Rh2 Bd3 37. Qf3 Qh6 38. Rd1 Bc4 39.
Rd2 a6 40. b5 Rf8 41. Qxh5 Qf6 42. Bxc4 dxc4 43. Rhf2 Qe7+ 44. Rde2 1-0

[Event "Late-Titled-Tuesday-Blitz-January-23-2024"]
[Site "Chess.com"]
[Date "2024.01.23"]
[Round "2"]
[White "wadsy27"]
[Black "Nick12772"]
[Result "1-0"]
[WhiteElo "2654"]
[BlackElo "2341"]
[TimeControl "180+1"]
[EndTime "14:17:41 PST"]
[Termination "wadsy27 won on time"]

1. c4 Nf6 2. g3 c6 3. Nf3 d5 4.
Bg2 g6 5. b3 Bg7 6. Bb2 O-O 7.
O-O Bg4 8. d4 Bxf3 9. Bxf3 Nbd7 10. Nc3 e6 11. Rc1 Rc8 12. e3 Re8 13. Bg2 a6 14. f4 Bf8 15. c5 h5 16. h3 Kg7 17. b4 Be7 18. g4 hxg4 19. hxg4 Rh8 20. g5 Nh5 21. Qg4 Qc7 22. e4 Rh7 23. f5 exf5 24. exf5 f6 25. fxg6 Rhh8 26. Rce1 Rce8 27. Bc1 Qg3 28. Qxg3 Nxg3 29. Rf3 Ne4 30. Nxe4 dxe4 31. Rxe4 fxg5 32. Rf7+ Kxg6 33. Rexe7 Rxe7 34. Rxe7 Nf6 35. Be4+ Nxe4 36. Rxe4 Rh3 37. Rg4 Rd3 38. Rxg5+ Kf6 39. Kf2 Rd1 40. Be3 Ra1 41. Rg2 Rxa2+ 42. Kf3 Ra3 43.
Ke4 Rb3 44. Bd2 Ke6 45. Rg7 b6 46. cxb6 a5 47. b7 1-0

[Event "Late-Titled-Tuesday-Blitz-January-23-2024"]
[Site "Chess.com"]
[Date "2024.01.23"]
[Round "2"]
[White "Slovak_fighter2000"]
[Black "diamonds13"]
[Result "0-1"]
[WhiteElo "2521"]
[BlackElo "2349"]
[TimeControl "180+1"]
[EndTime "14:17:41 PST"]
[Termination "diamonds13 won on time"]

1. d4 Nf6 2. Bf4 c5 3. d5 d6 4. Nc3 g6 5. e4 Bg7 6. Qd2 Nbd7 7. h4 h5 8. Nf3 Ng4 9. Be2 a6 10. a4 b6 11. Bg3 Bh6 12. Qd1 Nde5 13. Nxe5 dxe5 14. Bxg4 Bxg4 15. f3 Bd7 16. Bxe5 f6 17.
Bg3 b5 18. axb5 axb5 19. O-O Rxa1 20. Qxa1 O-O 21. Qa7 b4 22. Ne2 Bb5 23. Re1 Bd2 24.
Nf4 Bxe1 25. Bxe1 Qd6 26. Ne6 Rc8 27. Bf2 c4 28. Bc5 Qd7 29. Qxd7 Bxd7 30. Bxe7 Bxe6 31. dxe6 b3 32. cxb3 cxb3 33. Bxf6 Re8 34. e7 Kf7 35. e5 Rc8 36. Kh2 Rc2 37. Kg3 Ke8 38. e6 Re2 39. Kf4 Rxe6 40. Kg5 Re2 41. g4 Rf2 0-1

[Event "Late-Titled-Tuesday-Blitz-January-23-2024"]
[Site "Chess.com"]
[Date "2024.01.23"]
[Round "2"]
[White "dozer80"]
[Black "pr1105"]
[Result "1-0"]
[WhiteElo "2715"]
[BlackElo "2296"]
[TimeControl "180+1"]
[EndTime "14:17:45 PST"]
[Termination "dozer80 won by resignation"]

1. e4 e5 2. Nc3 Nc6 3. Bc4 Nf6 4. d3 Na5 5. Nge2 Be7 6. a4 Nxc4 7. dxc4 O-O 8. Qd3 d6 9. f3 Be6 10. Be3 Nd7 11. b3 f5 12. exf5 Bxf5 13. Qd2 Bh4+ 14. Ng3 Bg6 15. O-O Nf6 16. a5 a6 17.
Nge4 Nxe4 18. fxe4 Kh8 19. g3 Bf6 20. Nd5 Bxe4 21.
Rf2 Bxd5 22. cxd5 Qd7 23. Raf1 Be7 24. Qd3 Kg8 25. c4 Rxf2 26. Rxf2 Rf8 27. Qe4 g6 28. g4 Rxf2 29. Kxf2 Bh4+ 30. Kg2 Qe7 31. b4 Bg5 32. Bf2 Bf4 33. c5 Qd7 34. h3 Qb5 35. Bg1 Kf7 36. Bf2 dxc5 37. bxc5 Qxa5 38. d6 cxd6 39.
Qd5+ Ke8 40. Qe6+ Kf8 41. cxd6 Qd8 42. d7 Qe7 43. Bc5 Qxc5 44. d8=Q+ 1-0

[Event "Late-Titled-Tuesday-Blitz-January-23-2024"]
[Site "Chess.com"]
[Date "2024.01.23"]
[Round "2"]
[White "KacperPolOK"]
[Black "DIMONBANAN"]
[Result "1-0"]
[WhiteElo "2442"]
[BlackElo "2582"]
[TimeControl "180+1"]
[EndTime "14:17:45 PST"]
[Termination "KacperPolOK won by resignation"]

1. e4 e5 2. Nf3 Nc6 3. Bb5 Nf6 4.
Qe2 g6 5. c3 Bg7 6. O-O O-O 7.
Rd1 d6 8. d3 h6 9. Nbd2 Kh7 10.
Nf1 Nh5 11. h3 f5 12. N1h2 Nf6 13. Ba4 Be6 14. Bc2 fxe4 15. dxe4 Qe7 16. Nd2 Rf7 17. Ndf1 Raf8 18. Ne3 Nh5 19. Rf1 Nf4 20. Qd1 Qh4 21.
Nd5 Ne7 22. Nxf4 exf4 23. f3 Qg5 24. Bd2 Bxh3 25. Qe2 Be6 26. Be1 Qc5+ 27. Bf2 Qc6 28. Rad1 Bc4 29. Bd3 Bxa2 30. Bb5 Bb3 31. Bxc6 Bxd1 32.
Rxd1 Nxc6 33. Bd4 h5 34. Bxg7 Rxg7 35. b4 Ne5 36. Nf1 a6 37. Nd2 b5 38. Nb3 g5 39.
Nd4 Re7 40. Nf5 Ree8 41. Qa2 Kg6 42. Qxa6 g4 43. Kf2 Rb8 44. Rxd6+ cxd6 45. Qxd6+ Kh7 46. Qh6+ 1-0

[Event "Late-Titled-Tuesday-Blitz-January-23-2024"]
[Site "Chess.com"]
[Date "2024.01.23"]
[Round "2"]
[White "Perecke"]
[Black "Vamostodorecto"]
[Result "1-0"]
[WhiteElo "2545"]
[BlackElo "2362"]
[TimeControl "180+1"]
[EndTime "14:17:46 PST"]
[Termination "Perecke won by checkmate"]

1. e4 e5 2. Nf3 Nc6 3. Bb5 g6 4.
O-O Bg7 5. Nc3 Nge7 6. Nd5 d6 7.
c3 O-O 8. d4 a6 9. Ba4 exd4 10.
cxd4 Nxd5 11. exd5 Ne7 12. Bb3 Bg4 13. Bg5 h6 14.
Be3 Nf5 15. h3 Bxf3 16. Qxf3 Nxd4 17. Bxd4 Bxd4 18. Rac1 Bxb2 19. Rc2 Be5 20. Rfc1 Rc8 21. Qe3 Qf6 22. Rxc7 Rce8 23. Qf3 Qxf3 24. gxf3 Bf4 25.
R1c4 Re1+ 26. Kg2 g5 27. Rxb7 Rfe8 28. Rcc7 Kg7 29. Rxf7+ Kg6 30. Bc2+ Kh5 31. Rf6 R8e2 32. Rh7 g4 33. fxg4+ Kg5 34. Rf5+ Kg6 35. Rxf4+ Rxc2 36. Rff7 Kg5 37. Rhg7+ Kh4 38. Rf6 h5 39. Rf5 hxg4 40. Rxg4# 1-0

[Event "Late-Titled-Tuesday-Blitz-January-23-2024"]
[Site "Chess.com"]
[Date "2024.01.23"]
[Round "2"]
[White "ChristopherYoo"]
[Black "Revan_2002"]
[Result "1-0"]
[WhiteElo "2971"]
[BlackElo "2432"]
[TimeControl "180+1"]
[EndTime "14:17:47 PST"]
[Termination "ChristopherYoo won on time"]

1. d4 Nf6 2. c4 g6 3. Nf3 Bg7 4. g3 O-O 5. Bg2 d6 6. O-O Nbd7 7. Nc3 e5 8. e4 c6 9. Re1 exd4 10. Nxd4 Nc5 11.
h3 a5 12. Bf4 Re8 13. Qd2 a4 14. Rad1 Nh5 15. Bg5 Qa5 16. g4 Nf6 17. Qf4 Nfd7 18. Bh6 Ne5 19. Bxg7 Kxg7 20. g5 Nxc4 21. Nf5+ Bxf5 22.
exf5 Rxe1+ 23. Rxe1 Nd3 24. Qd4+ Nce5 25. Re3 Qc5 26.
Rxd3 Qxd4 27. Rxd4 d5 28. f6+ Kf8 29. Rxa4 Rd8 30.
Ne2 Nd3 31. Ra7 Nxb2 32. Rxb7 Nc4 33. Nd4 Ne5 34. f4 Nd3 35. Nxc6 Rc8 36. Bxd5 Nxf4 37.
Rxf7+ Ke8 38. Re7+ Kf8 39. Nd4 Nxh3+ 40. Kh2 Nxg5 41.
a4 Rb8 42. a5 Rb2+ 43. Kg3 Rd2 44. Ne6+ Nxe6 45. Bxe6 Rd3+ 46. Kf4 Ra3 47. Ra7 Ra4+ 48. Ke5 1-0

[Event "Late-Titled-Tuesday-Blitz-January-23-2024"]
[Site "Chess.com"]
[Date "2024.01.23"]
[Round "2"]
[White "yaguigor"]
[Black "picturesquecheck"]
[Result "1-0"]
[WhiteElo "2631"]
[BlackElo "2399"]
[TimeControl "180+1"]
[EndTime "14:17:48 PST"]
[Termination "yaguigor won on time"]

1. Nf3 d6 2. e4 g6 3. d4 Bg7 4. c4 a6 5. Nc3 Nf6 6. h3 O-O 7. Bd3 e5 8. d5 Nbd7 9. Be3 Nh5 10. g3 f5 11. exf5 gxf5 12. Ng5 Ndf6 13. Ne6 Bxe6 14. dxe6 f4 15. gxf4 Nxf4 16. Bxf4 exf4 17. Qe2 Re8 18. O-O-O c6 19. Rhg1 Qe7 20. Bf5 Kh8 21. Kb1 b5 22. h4 bxc4 23. Qxc4 Rab8 24. b3 d5 25. Qxf4 Rf8 26.
Qg5 Rg8 27. Qd2 Nh5 28. Rg5 Nf4 29.
Rdg1 Qf6 30. Qxf4 Qxc3 31. Rxg7 Rxb3+ 32. axb3 Qxb3+ 33. Kc1 Qc3+ 34. Bc2 Rxg7 35. Qf8+ 1-0

[Event "Late-Titled-Tuesday-Blitz-January-23-2024"]
[Site "Chess.com"]
[Date "2024.01.23"]
[Round "2"]
[White "rezamahdavi2008"]
[Black "skoularikii"]
[Result "0-1"]
[WhiteElo "2841"]
[BlackElo "2572"]
[TimeControl "180+1"]
[EndTime "14:17:50 PST"]
[Termination "skoularikii won by resignation"]

1. Nf3 d5 2. c4 d4 3. g3 c5 4. Bg2 Nc6 5. O-O e5 6. e3 Nf6 7. exd4 exd4 8. d3 Bd6 9. Re1+ Kf8 10.
Na3 h6 11. Nc2 a5 12. h3 Qc7 13.
Na3 Na7 14. Nd2 Bd7 15. Qb3 Bc6 16. Nb5 Qd7 17. Nxd6 Qxd6 18. Ne4 Nxe4 19. Bxe4 g5 20. Bd2 a4 21. Qd1 Bxe4 22. Rxe4 Kg7 23. Qf3 Rae8 24. Rxe8 Rxe8 25. Qxb7 Nc6 26. Qa6 Re2 27. Rd1 Qf6 28.
Be1 Rxb2 29. Rd2 Rb1 30. Re2 Ne5 31. Qxf6+ Kxf6 32. Kg2 Nxd3 33. Ba5 Rb2 34. Bd8+ Kg7 35. Rxb2 Nxb2 36. Kf3 Nxc4 37. Be7 Ne5+ 38. Ke4 Nd7 39. f4 gxf4 40. gxf4 Kg6 41. f5+ Kh5 42. a3 f6 0-1